 Dungeon Crawl Stone Soup version 0.30.0-29-ga12c61a403 (webtiles) character file.

Game seed: 13349499523207948976

1854179 Daunt the Bludgeoner (level 26, 211/211 HPs)
             Began as a Gnoll Conjurer on June 16, 2023.
             Was the Champion of Cheibriados.
             Escaped with the Orb
             ... and 3 runes on June 17, 2023!
             The game lasted 06:50:29 (54484 turns).

Daunt the Bludgeoner (Gnoll Conjurer)              Turns: 54484, Time: 06:50:29

Health: 211/211    AC: 46    Str: 28    XL:     26   Next: 66%
Magic:  54/54      EV: 31    Int: 50    God:    Cheibriados [******]
Gold:   5635       SH: 23    Dex: 28    Spells: 10/62 levels left

rFire   + + .        a - +8 war axe of Wyrd {vamp, MP+9 Str+5 Int+5}
rCold   + . .        P - +1 kite shield {AC+3}
rNeg    + . .        V - +12 gold dragon scales
rPois   +            l - +0 hat
rElec   +            j - +2 cloak {Will+}
rCorr   .            x - +1 pair of gloves
SInv    .            i - +1 pair of boots of the Jocular God {+Blink rElec rN+ Int+4}
Will    ++...        U - amulet "Kahit" {Reflect Regen+ Int+4 SH+5}
Stlth   +            M - ring of the Hare {EV+10, =R}
HPRegen 1.35/turn    s - ring of protection from fire
MPRegen 0.34/turn

%: reflection
@: studying Maces & Flails, very slow
A: fangs 1, strong nose, distributed training, horns 1, clumsy 1, weak 1,
MP-powered wands, sturdy frame 1
0: Orb of Zot
}: 3/15 runes: decaying, slimy, gossamer
a: Renounce Religion, Evoke Blink, Bend Time, Temporal Distortion, Slouch, Step
From Time


You escaped.
You worshipped Cheibriados.
Cheibriados was exalted by your worship.
You visited 10 branches of the dungeon, and saw 48 of its levels.
You also visited: Ossuary, Gauntlet and Volcano.

You collected 7074 gold pieces.
You spent 1439 gold pieces at shops.

Inventory:

Hand Weapons
 a - the +8 war axe of Wyrd (weapon) {vamp, MP+9 Str+5 Int+5}
   (You found it on level 9 of the Dungeon)

   Str:       It affects your strength (+5).
   Int:       It affects your intelligence (+5).
   MP:        It affects your magic capacity (+9).
 b - a +7 antimagic broad axe
Missiles
 u - 7 throwing nets
Armour
 i - the +1 pair of boots of the Jocular God (worn) {+Blink rElec rN+ Int+4}
   (You found it on level 4 of the Spider Nest)

   Int:       It affects your intelligence (+4).
   rElec:     It insulates you from electricity.
   rN:        It protects you from negative energy.
   +Blink:    It lets you blink.
 j - a +2 cloak of willpower (worn)
 l - a +0 hat (worn)
 w - a +1 helmet
 x - a +1 pair of gloves (worn)
 P - a +1 kite shield of protection (worn)
 V - +12 gold dragon scales (worn)
Jewellery
 s - a ring of protection from fire (right hand)
 I - a ring of see invisible
 M - the ring of the Hare (left hand) {EV+10, =R}
   (You found it on level 13 of the Dungeon)

   [ring of evasion]

   EV:        It affects your evasion (+10).
 U - the amulet "Kahit" (around neck) {Reflect Regen+ Int+4 SH+5}
   (You acquired it on level 4 of the Spider Nest)

   [amulet of reflection]

   It reflects blocked missile attacks.
   Int:       It affects your intelligence (+4).
   Regen:     It increases your rate of health regeneration.
   SH:        It affects your SH (+5).
 Y - a +4 ring of slaying
Wands
 c - a wand of light (15)
 y - a wand of iceblast (45)
 A - a wand of digging (27)
 O - a wand of paralysis (64)
 S - a wand of mindburst (9)
 W - a wand of polymorph (8)
Scrolls
 d - 10 scrolls of fear
 f - 7 scrolls of fog
 k - 12 scrolls of vulnerability
 m - 5 scrolls of magic mapping
 q - 2 scrolls of summoning
 t - 13 scrolls of immolation
 B - 5 scrolls of blinking
 C - 3 scrolls of silence
 F - 15 scrolls of teleportation
 H - 6 scrolls of poison
 T - 2 scrolls of torment
Potions
 e - 5 potions of resistance
 g - 7 potions of magic
 h - 22 potions of curing
 n - 9 potions of berserk rage
 o - 14 potions of mutation
 p - 2 potions of invisibility
 v - 5 potions of heal wounds
 D - 17 potions of ambrosia
 E - 10 potions of might
 G - 9 potions of attraction
 J - 5 potions of brilliance
 K - 15 potions of flight
 L - 9 potions of lignification
Miscellaneous
 r - a condenser vane
 z - a phantom mirror
 X - a box of beasts
 Z - a lightning rod (4/4)


   Skills:
 + Level 18.1 Fighting
 + Level 18.1 Short Blades
 + Level 18.1 Long Blades
 + Level 18.1 Axes
 + Level 19.6 Maces & Flails
 + Level 18.1 Polearms
 + Level 18.1 Staves
 + Level 18.1 Ranged Weapons
 + Level 18.1 Throwing
 + Level 18.1 Armour
 + Level 18.6 Dodging
 + Level 18.5 Stealth
 + Level 18.1 Shields
 + Level 18.1 Unarmed Combat
 + Level 18.7 Spellcasting
 + Level 16.8 Conjurations
 + Level 15.4 Hexes
 + Level 15.4 Summonings
 + Level 15.4 Necromancy
 + Level 15.4 Translocations
 + Level 15.4 Transmutations
 + Level 15.4 Fire Magic
 + Level 15.4 Ice Magic
 + Level 15.4 Air Magic
 + Level 15.4 Earth Magic
 + Level 15.4 Poison Magic
 + Level 19.5 Invocations
 + Level 18.1 Evocations


You had 10 spell levels left.
You knew the following spells:

 Your Spells              Type           Power      Damage    Failure   Level
a - Stone Arrow           Conj/Erth      100%       3d13      1%          3
b - Blink                 Tloc           100%       N/A       0%          2
c - Sublimation of Blood  Necr           100%       N/A       0%          2
d - Magic Dart            Conj           100%       1d8       0%          1
e - Silence               Hex/Air        58%        N/A       1%          5
f - Sticky Flame          Conj/Fire      100%       2d11      1%          4
g - Passage of Golubria   Tloc           100%       N/A       1%          4
h - Searing Ray           Conj           100%       2d8       0%          2
i - Irradiate             Conj/Tmut      59%        3d31      1%          5
l - Lesser Beckoning      Tloc           100%       N/A       0%          2
m - Iskenderun's Mystic   Conj/Tloc      100%       2d19      1%          4
n - Animate Armour        Summ/Erth      100%       N/A       1%          4
o - Orb of Destruction    Conj           60%        9d15      3%          7
s - Simulacrum            Ice/Necr       58%        N/A       1%          6
A - Apportation           Tloc           100%       N/A       0%          1

Your spell library contained the following spells:

 Spells                   Type           Power      Damage    Failure   Level
 Beastly Appendage        Tmut           100%       N/A       0%          1
 Kiss of Death            Conj/Necr      100%       2d13      0%          1
 Necrotise                Necr           100%       1d9       0%          1
 Sting                    Tmut/Pois      100%       1d8       0%          1
 Summon Small Mammal      Summ           100%       N/A       0%          1
 Cigotuvi's Dreadful Rot  Necr/Pois/Air  100%       N/A       0%          2
 Ensorcelled Hibernation  Hex/Ice        100%       N/A       0%          2
 Momentum Strike          Conj/Tloc      100%       3d10      0%          2
 Poisonous Vapours        Pois/Air       100%       N/A       0%          2
 Scorch                   Fire           100%       2d9       0%          2
 Call Canine Familiar     Summ           100%       N/A       1%          3
 Confusing Touch          Hex            100%       N/A       1%          3
 Dazzling Flash           Conj/Hex       100%       N/A       1%          3
 Gell's Gravitas          Tloc           100%       N/A       1%          3
 Hailstorm                Conj/Ice       100%       3d20      1%          3
 Ignite Poison            Fire/Tmut/Pois 100%       N/A       1%          3
 Inner Flame              Hex/Fire       100%       N/A       1%          3
 Ozocubu's Armour         Ice            100%       N/A       1%          3
 Portal Projectile        Hex/Tloc       100%       N/A       1%          3
 Spider Form              Tmut/Pois      100%       N/A       1%          3
 Teleport Other           Tloc           100%       N/A       1%          3
 Tukima's Dance           Hex            100%       N/A       1%          3
 Vampiric Draining        Necr           100%       2d13      1%          3
 Vhi's Electric Charge    Tloc/Air       100%       N/A       1%          3
 Volatile Blastmotes      Fire/Tloc      100%       2d18      1%          3
 Anguish                  Hex/Necr       58%        N/A       1%          4
 Animate Dead             Necr           100%       N/A       1%          4
 Cause Fear               Hex            58%        N/A       1%          4
 Dispel Undead            Necr           100%       3d31      1%          4
 Flame Wave               Conj/Fire      100%       2d21      1%          4
 Fulminant Prism          Conj/Hex       59%        3d24      1%          4
 Ice Form                 Ice/Tmut       100%       N/A       1%          4
 Leda's Liquefaction      Hex/Erth       58%        N/A       1%          4
 Manifold Assault         Tloc           100%       N/A       1%          4
 Olgreb's Toxic Radiance  Pois           100%       N/A       1%          4
 Petrify                  Tmut/Erth      100%       N/A       1%          4
 Agony                    Necr           100%       N/A       1%          5
 Alistair's Intoxication  Tmut/Pois      77%        N/A       1%          5
 Blade Hands              Tmut           58%        N/A       1%          5
 Borgnjor's Vile Clutch   Necr/Erth      58%        N/A       1%          5
 Fireball                 Conj/Fire      59%        3d23      1%          5
 Iskenderun's Battlesphe  Conj           100%       2d15      1%          5
 Lee's Rapid Deconstruct  Erth           58%        3d27*     1%          5
 Metabolic Englaciation   Hex/Ice        58%        N/A       1%          5
 Conjure Ball Lightning   Conj/Air       59%        3x3d21    1%          6
 Death Channel            Necr           58%        N/A       1%          6
 Dispersal                Tloc           58%        N/A       1%          6
 Eringya's Noxious Bog    Tmut/Pois      58%        N/A       1%          6
 Statue Form              Tmut/Erth      77%        N/A       1%          6
 Summon Cactus Giant      Summ           58%        N/A       1%          6
 Enfeeble                 Hex            58%        N/A       6%          7
 Ozocubu's Refrigeration  Ice            58%        4d20      6%          7
 Lehudib's Crystal Spear  Conj/Erth      59%        10d14     36%         8
 Borgnjor's Revivificati  Necr           58%        N/A       45%         8
 Discord                  Hex            58%        N/A       45%         8
 Disjunction              Tloc           58%        N/A       45%         8
 Ignition                 Fire           58%        3d16      45%         8


Dungeon Overview and Level Annotations

Branches:
Dungeon (15/15)            Temple (1/1) D:4            Lair (5/5) D:11
  Swamp (4/4) Lair:2       Spider (4/4) Lair:2        Slime (5/5) Lair:5
    Orc (2/2) D:9             Elf (0/3) Orc:2        Vaults (3/5) D:13
 Depths (4/4) D:15            Zot (5/5) Depths:4    Ossuary (visited)
Volcano (visited)         Gauntlet (visited)
  Crypt: Vaults:2-3

Altars:
Ashenzari
Cheibriados
Dithmenos
Elyvilon
Fedhas
Gozag
Hepliaklqana
Kikubaaqudgha
Makhleb
Nemelex Xobeh
Okawaru
Qazlal
Ru
Sif Muna
Trog
Uskayaw
Vehumet
Wu Jian
Xom
Yredelemnul
Zin
The Shining One
Jiyva
Lugonu

Shops:
D:9 ([   D:10 *   Orc:2 [*:[   Vaults:1 [!   Vaults:2 :   Vaults:3 *
Depths:3 *

Portals:
Hell: Depths:1 Depths:2 Depths:3 Depths:4
Abyss: Lair:5 Depths:1 Depths:2 Depths:3 Depths:4
Pandemonium: Depths:2 Depths:4
Ziggurat: Depths:4
Trove: D:11 (give +3 gold dragon scales)

Annotations:
Depths:4 1 transporter
Zot:2 3 runed translucent doors, Cuhe's ghost, adept MeEE
Zot:3 2 transporters


Innate Abilities, Weirdness & Mutations

You have very sharp teeth.
Your uncanny sense of smell can sniff out nearby items.
Your experience applies equally to all skills.
You have a pair of small horns on your head.
You are clumsy. (Dex -2)
You are weak. (Str -2)
You expend magic power (3 MP) to strengthen your wands.
Your movements are slightly less encumbered by armour. (ER -2)


Message History

Womypyih gestures at you.
The bolt of fire hits your animated gold dragon scales!
The bolt of fire misses you.
The rust devil hits your animated gold dragon scales!
Your animated gold dragon scales seems to be corroded for longer.
Your animated gold dragon scales hits Womypyih!!!
Womypyih dies!
Cheibriados thoroughly appreciates the change of pace.
The orange demon disappears in a puff of smoke!
You hear a croak.
Unknown command.
Unknown command.
The rust devil hits your animated gold dragon scales.
Your animated gold dragon scales seems to be corroded for longer.
Your animated gold dragon scales hits the rust devil!!!!
The rust devil dies!
Cheibriados appreciates the change of pace.
A shadow demon comes into view.
The shadow demon gestures.
You block the shadow demon's attack. x2
You slash the shadow demon! You headbutt the shadow demon.
The shadow demon is moderately wounded.
You hit the shadow demon. You headbutt the shadow demon!
The shadow demon is heavily wounded.
You block the shadow demon's attack.
You slash the shadow demon!
The shadow demon is almost dead.
You block the shadow demon's attack.
You slash the shadow demon!
You kill the shadow demon!
Cheibriados appreciates the change of pace.
The hobgoblin dissolves into shadows!
Unknown command.
(D) Dungeon (T) Temple (L) Lair (S) Swamp (N) Spider Nest (M) Slime Pits (O) Orcish Mines (E) Elven Halls (V) Vaults (U) Depths (H) Hell (Z) Zot
Where to? (Enter - D:1 @ (x,y), ? - help)
Your animated gold dragon scales disappears in a puff of smoke!
There is a staircase leading out of the dungeon here.
You have escaped!

.###.....####.##................#
.# #..............####.###..##..#
.# #)#########.#######......###..
.# #.# #######.#####...####.# #..
.# ### #...#...#.....### #.# #.#
.# #####.#.#.###.##### #.# #.. ##
#.#...#...#.....# #.# ###
#.#.#####.#.###.#### #.# #.#..#
#...#@#.#..# #.# #.#.##
#####.#.##.# #.# ### #.#.#
#...#.##.#####.###.# #.#####
#.###.#...........#. #.#...#
#.....#..#######.###
##.#.#.#######.####.# #.## #
##..#.#.....#...# #.# ##.###
##..##.###.###.### ##.# ##.#.
...###.#.....#...# #..# #######..


There were no monsters in sight!

Vanquished Creatures
  2 ancient liches (Zot:5)
  A dread lich (Zot:5)
  A curse toe (Zot:4)
  A caustic shrike (Depths:4)
  A golden dragon (Zot:1)
  3 electric golems
  Rupert (D:13)
  4 tentacled monstrosities
  3 liches
  7 Orb Guardians
  6 acid blobs
  5 death cobs
  2 Executioners
  A sphinx (Vaults:2)
  A tengu reaver (Vaults:3)
  5 storm dragons
  5 shadow dragons
  Agnes (D:14)
  5 rockslimes (Slime:5)
  A draconian monk (Zot:2)
  10 azure jellies
  2 draconian knights
  2 frost giants
  12 ghost moths
  5 fire giants
  2 emperor scorpions
  6 vault wardens
  2 draconian stormcallers (Zot:3)
  A curse skull (Vaults:3)
  A draconian annihilator (Zot:2)
  A demonspawn corrupter (Zot:5)
  5 ironbound preservers
  4 stone giants
  A broodmother (Spider:3)
  2 war gargoyles (Vaults:1)
  4 very ugly things
  7 quicksilver oozes
  A deep elf demonologist (Vaults:3)
  A vampire knight (Depths:2)
  2 green draconians
  3 black draconians
  2 white draconians
  3 purple draconians
  3 eleionomae
  5 red draconians
  2 bunyips
  A spark wasp (Spider:3)
  A dire elephant (Vaults:2)
  An ettin (Orc:2)
  3 fire dragons
  2 yaktaur captains
  4 entropy weavers
  2 great orbs of eyes
  2 ice dragons
  2 hydras (Swamp:4)
  A spriggan air mage (Depths:4)
  3 ghost crabs
  2 jorogumos
  A peacekeeper (Vaults:1)
  An ironbound frostheart (Vaults:1)
  A radroach (Spider:2)
  A centaur warrior (D:15)
  A dancing weapon (Volcano)
  4 two-headed ogres
  5 boulder beetles
  13 alligators
  A deep troll shaman (Depths:4)
  2 death yaks (Lair:4)
  2 deep troll earth magi
  2 tengu warriors (D:15)
  2 spriggan berserkers
  3 thrashing horrors (Lair:5)
  A hell knight (Depths:3)
  2 goliath frogs
  6 pharaoh ants
  14 spriggans
  A skyshark (Lair:2)
  A sun moth (Spider:4)
  A skeletal warrior (D:12)
  4 spriggan druids
  3 iron trolls
  14 deep trolls
  A shadow demon (D:1)
  2 swamp dragons (Swamp:1)
  10 orb spiders
  5 bog bodies
  2 spectral wolf spiders (Spider:1)
  9 orc knights
  A flayed ghost (Depths:4)
  4 ironbound convokers
  A lindwurm (Vaults:1)
  3 wizards
  3 orc sorcerers
  4 necromancers
  2 deep elf pyromancers
  4 wolf spider zombies (Spider:1)
  A steelbarb worm (Spider:4)
  A cyclops (shapeshifter) (Lair:5)
  4 cyclopes
  20 moths of wrath
  11 ugly things
  4 will-o-the-wisps
  18 wolf spiders
  3 black mambas
  5 toenail golems
  A vault sentinel (Vaults:2)
  4 demonic crawlers
  4 torpor snails
  Maggie (D:8)
  A smoke demon (Zot:5)
  An unseen horror (D:12)
  8 cane toads
  4 centaur skeletons
  A storm dragon simulacrum (Zot:2)
  5 rime drakes
  A rime drake (shapeshifter) (D:15)
  15 yaktaurs
  An efreet (D:15)
  4 kobold demonologists
  2 ice devils
  11 komodo dragons
  A freezing wraith (D:15)
  A tengu conjurer (D:15)
  12 trolls
  6 saltlings (Orc:2)
  20 tarantellas
  2 polar bears
  Grinder (D:5)
  2 wolf spider simulacra (Spider:1)
  13 hornets
  12 tyrant leeches
  20 blink frogs
  A dream sheep (Lair:5)
  3 flying skulls (Gauntlet)
  A centaur simulacrum (D:14)
  11 jumping spiders
  14 culicivoras
  36 slime creatures
  3 shadows (D:12)
  17 yaks
  2 wraiths (D:12)
  3 vampires
  7 basilisks
  2 ynoxinuls (Lair:5)
  A golden eye (Slime:5)
  Grum (D:8)
  A redback (shapeshifter) (D:15)
  2 spectral komodo dragons (Lair:2)
  3 wyverns
  A chaos spawn (Lair:5)
  31 redbacks
  A steam dragon (Swamp:4)
  2 yellow draconian simulacra (Zot:2)
  20 vampire mosquitoes
  7 small abominations (Lair:5)
  5 wargs
  12 swamp worms
  2 acid dragons
  13 water moccasins
  2 moth of wrath simulacra (Zot:2)
  A hornet zombie (Ossuary)
  5 swamp drakes
  9 ice beasts
  17 orc warriors
  3 sky beasts
  3 black bears
  8 ogres
  5 boggarts
  5 wolves
  17 centaurs
  A phantom (D:5)
  3 kobold brigands
  9 bullfrogs
  A spectral wyvern (Lair:2)
  A gnoll sergeant (D:10)
  3 scorpions
  A wyvern zombie (Ossuary)
  A water moccasin zombie (Ossuary)
  4 wights
  16 killer bees (Spider:2)
  2 howler monkeys (D:10)
  6 centaur zombies
  2 hounds
  3 jellies
  7 bullfrog zombies (Ossuary)
  11 orc priests
  9 mummies (Ossuary)
  A sleepcap (D:8)
  10 hell rats
  Ijyb (D:3)
  Natasha (D:2)
  3 iguanas
  16 orc wizards
  A killer bee zombie (Ossuary)
  4 howler monkey zombies (Ossuary)
  10 gnolls
  16 river rats (Lair:1)
  10 adders
  A shadow imp (D:6)
  4 white imps
  4 ufetubi
  54 orcs
  9 ball pythons
  7 endoplasms
  4 giant cockroaches (D:2)
  9 goblins
  4 hobgoblins
  7 jackals
  16 kobolds
  7 quokkas
  4 bats (D:2)
  15 rats
  A butterfly (Lair:3)
1103 creatures vanquished.

Vanquished Creatures (collateral kills)
  the Royal Jelly (Slime:5)
  2 dread liches (Zot:5)
  2 orbs of fire (Zot:5)
  Parghit (Zot:3)
  Josephina (Zot:2)
  6 Killer Klowns
  2 caustic shrikes (Depths:4)
  2 golden dragons
  A profane servitor (D:15)
  A pandemonium lord (D:1)
  A bone dragon (Depths:4)
  An electric golem (Zot:5)
  A walking crystal tome (Depths:3)
  13 tentacled monstrosities
  Zenata (Vaults:2)
  18 Orb Guardians (Zot:5)
  3 liches
  An Ice Fiend (Depths:4)
  2 titans (Depths:3)
  4 quicksilver dragons
  An Executioner (Depths:2)
  22 acid blobs
  An ancient champion (Depths:3)
  3 death cobs
  4 tengu reavers
  12 storm dragons
  9 shadow dragons
  3 draconian monks
  6 azure jellies
  A demonspawn warmonger (Depths:2)
  A fenstrider witch (Swamp:3)
  8 rockslimes
  6 frost giants
  The ghost of superbruh the Severer, a journeyman HOFi of Gozag (Swamp:2)
  4 draconian knights
  7 fire giants
  5 emperor scorpions
  The ghost of suzumiya the Brawler, a journeyman TrBe of Trog (D:13)
  6 vault wardens
  A ghost moth (Zot:4)
  10 draconian scorchers
  2 iron dragons
  An orc warlord (Vaults:3)
  10 draconian shifters
  4 ironbound preservers
  8 draconian stormcallers
  A war gargoyle (Vaults:1)
  A demonspawn blood saint (Zot:5)
  3 quicksilver oozes
  12 very ugly things
  A spriggan defender (Depths:3)
  5 draconian annihilators
  2 vampire knights
  7 stone giants
  3 ironbound thunderhulks
  14 green draconians
  11 purple draconians
  7 white draconians
  3 dire elephants (Vaults:2)
  5 black draconians
  15 red draconians
  4 spark wasps
  15 yellow draconians
  A minotaur (Gauntlet)
  A bunyip (Swamp:2)
  A blizzard demon (Zot:5)
  A merfolk impaler (Depths:4)
  A crystal guardian (Vaults:3)
  7 yaktaur captains
  13 great orbs of eyes
  An entropy weaver (Spider:1)
  2 rakshasas
  5 ettins
  10 fire dragons
  12 hydras
  A vault guard (Vaults:3)
  A catoblepas (Lair:3)
  7 ice dragons
  A ghost crab (Spider:4)
  An ironbound frostheart (Vaults:2)
  6 spriggan air magi
  A peacekeeper (Vaults:3)
  The ghost of cheesebisquit the Grappler, a novice TrFi of Wu Jian (D:10)
  3 radroaches
  An ogre mage (D:15)
  2 centaur warriors
  2 jorogumos (Spider:2)
  9 deep troll shamans
  4 two-headed ogres
  4 tengu warriors
  9 deep troll earth magi
  3 alligators
  7 spriggan berserkers
  2 vampire magi
  4 death yaks (Lair:4)
  An orc high priest (Orc:2)
  A thrashing horror (Lair:5)
  6 hell knights
  A soul eater (Depths:4)
  A fire crab (Swamp:4)
  8 iron trolls
  10 skeletal warriors
  3 spriggan druids
  22 deep trolls
  3 glowing orange brains
  2 orb spiders
  8 swamp dragons
  A deep troll (shapeshifter) (Depths:3)
  2 spriggan riders (Depths:4)
  2 spectral wolf spiders (Spider:1)
  A lindwurm (Swamp:4)
  3 wizards
  2 necromancers
  2 orc knights (Orc:2)
  A phantasmal warrior (Vaults:3)
  A harpy (Vaults:1)
  8 ironbound convokers
  A mana viper (shapeshifter) (Lair:5)
  2 wolf spider zombies (Spider:1)
  10 ugly things
  4 shining eyes
  A cyclops (Orc:2)
  5 steelbarb worms
  13 moths of wrath
  3 wolf spiders
  5 elephants (Gauntlet)
  A toenail golem (D:15)
  3 demonic crawlers
  A rust devil (D:1)
  2 naga magi (D:15)
  A water nymph (shapeshifter) (Depths:2)
  6 vault sentinels
  A black mamba (Lair:5)
  An eye of devastation (D:13)
  An orange demon (Depths:4)
  A centaur skeleton (D:13)
  A cane toad (Lair:5)
  A gargoyle (D:14)
  A kobold demonologist (D:13)
  6 rime drakes (Lair:4)
  A komodo dragon (Lair:3)
  A freezing wraith (D:14)
  A komodo dragon (shapeshifter) (Depths:2)
  13 yaktaurs
  A tormentor (Depths:4)
  An ice devil (Depths:4)
  2 tengu conjurers
  An efreet (D:13)
  A red devil (D:7)
  A queen bee (Spider:2)
  A troll (Orc:2)
  A tyrant leech (Swamp:3)
  An ancient zyme (Lair:5)
  6 meliai
  2 tarantellas
  6 hornets
  7 blink frogs
  A saltling (Orc:2)
  11 dream sheep
  A large abomination (Lair:5)
  A culicivora (Spider:2)
  51 slime creatures
  A centaur simulacrum (D:15)
  A jumping spider (Spider:3)
  A vampire (D:15)
  6 spriggans
  4 water elementals (Depths:4)
  2 wyverns (Lair:4)
  6 basilisks
  3 chaos spawn (Lair:5)
  2 yaks (Lair:5)
  5 redbacks
  6 vampire mosquitoes
  6 golden eyes
  5 swamp worms
  3 floating eyes
  3 orc warriors (Orc:2)
  6 swamp drakes (Swamp:4)
  A meliai simulacrum (D:15)
  4 boggarts
  An ogre (D:15)
  3 centaurs
  3 kobold brigands (D:13)
  The ghost of Romuh the Shield-Bearer, a weakling FoFi (D:15)
  4 killer bees (Spider:2)
  A jelly (Lair:5)
  2 orc priests (Orc:2)
  6 hell rats
  5 small abominations (Lair:5)
  2 orcs (Orc:2)
799 creatures vanquished.

Vanquished Creatures (others)
  A quicksilver dragon (Zot:1)
  A draconian monk (Zot:1)
  A draconian stormcaller (Zot:1)
  A black draconian (Zot:2)
  A spriggan berserker (Depths:4)
  A goliath frog (Swamp:4)
  A lindwurm (Swamp:4)
  A torpor snail (Spider:3)
  A bloated husk (Swamp:2)
  A tyrant leech (Spider:4)
  A tarantella (Spider:4)
  A jumping spider (Spider:3)
  2 redbacks
  A steam dragon (Swamp:4)
  A swamp drake (Swamp:4)
  24 foxfires
40 creatures vanquished.

Grand Total: 1942 creatures vanquished

Notes
Turn   | Place    | Note
-------+----------+-------------------------------------------
     0 | D:1      | Daunt the Gnoll Conjurer began the quest for the Orb.
     0 | D:1      | Reached XP level 1. HP: 13/13 MP: 6/6
   247 | D:1      | Reached XP level 2. HP: 19/19 MP: 5/7
   253 | D:1      | Learned a level 2 spell: Searing Ray
   850 | D:2      | Reached skill level 5 in Spellcasting
   850 | D:2      | Reached XP level 3. HP: 25/25 MP: 5/9
  1054 | D:2      | Reached skill level 1 in Invocations
  1153 | D:2      | Reached skill level 1 in Fighting
  1153 | D:2      | Reached skill level 1 in Short Blades
  1153 | D:2      | Reached skill level 1 in Long Blades
  1153 | D:2      | Reached skill level 1 in Axes
  1153 | D:2      | Reached skill level 1 in Maces & Flails
  1153 | D:2      | Reached skill level 1 in Polearms
  1153 | D:2      | Reached skill level 1 in Staves
  1153 | D:2      | Reached skill level 1 in Ranged Weapons
  1153 | D:2      | Reached skill level 1 in Throwing
  1153 | D:2      | Reached skill level 1 in Armour
  1153 | D:2      | Reached skill level 1 in Shields
  1153 | D:2      | Reached skill level 1 in Unarmed Combat
  1153 | D:2      | Reached skill level 1 in Evocations
  1358 | D:2      | Reached XP level 4. HP: 32/32 MP: 3/11
  1469 | D:2      | Found a faded altar of an unknown god.
  1652 | D:2      | Noticed Natasha
  1658 | D:2      | Killed Natasha
  1659 | D:2      | Reached skill level 1 in Hexes
  1659 | D:2      | Reached skill level 1 in Summonings
  1659 | D:2      | Reached skill level 1 in Necromancy
  1659 | D:2      | Reached skill level 1 in Translocations
  1659 | D:2      | Reached skill level 1 in Transmutations
  1659 | D:2      | Reached skill level 1 in Fire Magic
  1659 | D:2      | Reached skill level 1 in Ice Magic
  1659 | D:2      | Reached skill level 1 in Air Magic
  1659 | D:2      | Reached skill level 1 in Earth Magic
  1659 | D:2      | Reached skill level 1 in Poison Magic
  1835 | D:3      | Found a blossoming altar of Fedhas.
  2236 | D:3      | Reached XP level 5. HP: 27/37 MP: 2/12
  2790 | D:3      | Found a shimmering blue altar of Sif Muna.
  2829 | D:3      | Found a shimmering altar of Xom.
  2896 | D:3      | Noticed Ijyb
  2900 | D:3      | Killed Ijyb
  3018 | D:4      | Found a staircase to the Ecumenical Temple.
  3029 | D:4      | Noticed a centaur
  3045 | D:4      | Noticed a water moccasin
  3127 | Temple   | Entered the Ecumenical Temple
  3136 | Temple   | Became a worshipper of Cheibriados the Contemplative
  3307 | D:4      | Killed a water moccasin
  3308 | D:4      | Reached skill level 5 in Dodging
  3308 | D:4      | Reached XP level 6. HP: 40/44 MP: 4/14
  3869 | D:4      | Reached XP level 7. HP: 41/51 MP: 10/15
  3897 | D:5      | Entered Level 5 of the Dungeon
  3948 | D:5      | Noticed Grinder
  4136 | D:5      | Reached skill level 5 in Stealth
  4141 | D:5      | Learned a level 4 spell: Iskenderun's Mystic Blast
  4436 | D:5      | Reached XP level 8. HP: 58/58 MP: 9/16
  4758 | D:5      | Reached * piety under Cheibriados
  4910 | D:5      | Found a radiant altar of Vehumet.
  4940 | D:5      | Identified the +2 plate armour of the Unbroken {Fly rC- rN+
                  | Int+5}
  6090 | D:6      | Found a hide-covered altar of Uskayaw.
  6090 | D:6      | Found a broken altar of Ashenzari.
  6091 | D:6      | Found a burning altar of Makhleb.
  6433 | D:7      | Noticed a hornet
  6673 | D:7      | Reached ** piety under Cheibriados
  6769 | D:7      | Reached XP level 9. HP: 58/65 MP: 3/18
  7179 | D:7      | Found a white marble altar of Elyvilon.
  7196 | D:7      | Found an opulent altar of Gozag.
  7745 | D:8      | Identified the +2 robe of the Ego {Harm Regen+ Int-4}
  7832 | D:8      | Noticed Maggie
  7910 | D:8      | Found a sand-covered staircase.
  7951 | Ossuary  | Entered an ossuary
  8067 | Ossuary  | Reached skill level 5 in Invocations
  8525 | Ossuary  | Learned a level 2 spell: Sublimation of Blood
  8798 | Ossuary  | Reached *** piety under Cheibriados
  9145 | D:8      | Reached skill level 5 in Fighting
  9145 | D:8      | Reached skill level 5 in Short Blades
  9145 | D:8      | Reached skill level 5 in Long Blades
  9145 | D:8      | Reached skill level 5 in Axes
  9145 | D:8      | Reached skill level 5 in Maces & Flails
  9145 | D:8      | Reached skill level 5 in Polearms
  9145 | D:8      | Reached skill level 5 in Staves
  9145 | D:8      | Reached skill level 5 in Ranged Weapons
  9145 | D:8      | Reached skill level 5 in Throwing
  9145 | D:8      | Reached skill level 5 in Armour
  9145 | D:8      | Reached skill level 5 in Shields
  9145 | D:8      | Reached skill level 5 in Unarmed Combat
  9145 | D:8      | Reached skill level 5 in Evocations
  9149 | D:8      | Reached XP level 10. HP: 74/74 MP: 5/20
  9487 | D:8      | Found a hazy altar of Hepliaklqana.
  9616 | D:8      | Noticed Grum
  9628 | D:8      | Killed Grum
  9999 | D:9      | Paralysed by a hornet for 2 turns
 10130 | D:9      | Reached **** piety under Cheibriados
 10701 | D:9      | Found Juah's Weapon Shoppe.
 10702 | D:9      | Noticed a two-headed ogre
 10722 | D:9      | Killed a two-headed ogre
 10908 | D:9      | Found a staircase to the Orcish Mines.
 10910 | D:9      | Found Ceheugoi's Armour Shoppe.
 10923 | D:9      | Learned a level 5 spell: Irradiate
 11072 | D:9      | Reached skill level 5 in Hexes
 11072 | D:9      | Reached skill level 5 in Summonings
 11072 | D:9      | Reached skill level 5 in Necromancy
 11072 | D:9      | Reached skill level 5 in Translocations
 11072 | D:9      | Reached skill level 5 in Transmutations
 11072 | D:9      | Reached skill level 5 in Fire Magic
 11072 | D:9      | Reached skill level 5 in Ice Magic
 11072 | D:9      | Reached skill level 5 in Air Magic
 11072 | D:9      | Reached skill level 5 in Earth Magic
 11072 | D:9      | Reached skill level 5 in Poison Magic
 11072 | D:9      | Reached XP level 11. HP: 81/81 MP: 18/22
 11114 | D:9      | Found the necklace of Bloodlust {Fury *Rage Will++ Int-3
                  | Slay+6}
 11475 | D:9      | Identified the +8 war axe of Wyrd {vamp, MP+9 Str+5 Int+5}
 11595 | D:9      | Bought a +0 buckler for 54 gold pieces
 11607 | D:10     | Entered Level 10 of the Dungeon
 11673 | D:10     | Noticed cheesebisquit's ghost (novice TrFi)
 11676 | D:10     | Found a runed translucent door.
 11711 | D:10     | Reached ***** piety under Cheibriados
 12132 | D:10     | Found Hitukkemow's General Store.
 12140 | D:10     | Bought a scroll of immolation for 52 gold pieces
 12140 | D:10     | Bought a scroll of vulnerability for 52 gold pieces
 12140 | D:10     | Bought a scroll of identify for 26 gold pieces
 12140 | D:10     | Bought a scroll of identify for 26 gold pieces
 12453 | D:11     | Found a staircase to the Lair.
 12993 | D:11     | Found a portal to a secret trove of treasure.
 13143 | Lair:1   | Entered Level 1 of the Lair of Beasts
 13347 | D:5      | Killed Grinder
 13576 | D:8      | Killed Maggie
 13809 | Lair:1   | Reached ****** piety under Cheibriados
 14187 | Lair:1   | Reached XP level 12. HP: 91/91 MP: 24/24
 14317 | Lair:1   | Noticed a boulder beetle
 14351 | Lair:1   | Killed a boulder beetle
 14407 | Lair:2   | Identified the +7 hand axe of Eruumn {vamp, rElec rC-
                  | Int+4}
 14424 | Lair:2   | Found a hole to the Spider Nest.
 14722 | Lair:2   | Noticed a skyshark
 14732 | Lair:2   | Killed a skyshark
 15086 | Lair:2   | Found a staircase to the Swamp.
 15086 | Lair:2   | Noticed a ghost crab
 15095 | Lair:2   | Killed a ghost crab
 15495 | Lair:3   | Learned a level 1 spell: Apportation
 15527 | Lair:3   | Found a dark tunnel.
 15539 | Volcano  | Entered a volcano
 15788 | Lair:3   | Learned a level 4 spell: Animate Armour
 16078 | Lair:3   | Reached XP level 13. HP: 98/98 MP: 26/26
 16105 | Lair:3   | Reached skill level 10 in Conjurations
 16452 | Lair:4   | Found the +8 frozen axe "Frostbite" {freeze, freezing
                  | cloud, *Noise Fly rC+}
 16506 | Lair:4   | Reached skill level 10 in Spellcasting
 17029 | Lair:4   | Reached skill level 10 in Dodging
 17108 | Lair:4   | Reached skill level 10 in Stealth
 17533 | Lair:5   | Entered Level 5 of the Lair of Beasts
 17614 | Lair:5   | Reached XP level 14. HP: 108/108 MP: 28/28
 17644 | Lair:5   | Reached skill level 10 in Invocations
 17862 | Lair:5   | Got Sif Muna's Enchiridion on Transition
 17973 | Lair:5   | Found a corrupted altar of Lugonu.
 17980 | Lair:5   | Found a one-way gate to the infinite horrors of the Abyss.
 18162 | Lair:5   | Found a staircase to the Slime Pits.
 18166 | Lair:5   | Found a viscous altar of Jiyva.
 18835 | D:12     | Found a gate leading to a gauntlet.
 18842 | Gauntlet | Entered a Gauntlet
 18842 | Gauntlet | Found a transporter.
 18850 | Gauntlet | Found a transporter.
 18852 | Gauntlet | Found a transporter.
 18866 | Gauntlet | Found a transporter.
 18868 | Gauntlet | Found a transporter.
 18878 | Gauntlet | Found a transporter.
 18878 | Gauntlet | Noticed a quicksilver ooze
 18896 | Gauntlet | Found a runed translucent door.
 18900 | Gauntlet | Found a transporter.
 18908 | Gauntlet | Found a runed translucent door.
 18909 | Gauntlet | Found a transporter.
 18910 | Gauntlet | Found a runed translucent door.
 18919 | Gauntlet | Found a transporter.
 18933 | Gauntlet | Found a transporter.
 18942 | Gauntlet | Found a transporter.
 18944 | Gauntlet | Found a transporter.
 19019 | Gauntlet | Found a transporter.
 19057 | Gauntlet | Identified the +2 pair of boots of Kindness {rPois rF-
                  | Int+3 Stlth+}
 19065 | Gauntlet | Killed a quicksilver ooze
 19112 | Gauntlet | Identified the +2 leather armour of Ethics {rN++}
 19113 | Gauntlet | Got the Enchiridion on Twisted Creation
 19178 | D:12     | Reached skill level 10 in Fighting
 19178 | D:12     | Reached skill level 10 in Short Blades
 19178 | D:12     | Reached skill level 10 in Long Blades
 19178 | D:12     | Reached skill level 10 in Axes
 19178 | D:12     | Reached skill level 10 in Maces & Flails
 19178 | D:12     | Reached skill level 10 in Polearms
 19178 | D:12     | Reached skill level 10 in Staves
 19178 | D:12     | Reached skill level 10 in Ranged Weapons
 19178 | D:12     | Reached skill level 10 in Throwing
 19178 | D:12     | Reached skill level 10 in Armour
 19178 | D:12     | Reached skill level 10 in Shields
 19178 | D:12     | Reached skill level 10 in Unarmed Combat
 19178 | D:12     | Reached skill level 10 in Evocations
 19178 | D:12     | Reached XP level 15. HP: 115/115 MP: 30/30
 19179 | D:12     | Reached XP level 16. HP: 123/123 MP: 31/31
 20029 | D:12     | Found an iron altar of Okawaru.
 20247 | D:12     | Reached XP level 17. HP: 109/129 MP: 32/32
 20323 | D:13     | Found the ring of the Hare {EV+10}
 20477 | D:13     | Found a runed translucent gate.
 20478 | D:13     | Found a runed translucent gate.
 20478 | D:13     | Found a runed translucent gate.
 20478 | D:13     | Noticed an acid blob
 20479 | D:13     | Noticed an acid blob
 20479 | D:13     | Noticed an acid blob
 20479 | D:13     | Noticed suzumiya's ghost (journeyman TrBe)
 20482 | D:13     | Found a viscous altar of Jiyva.
 20538 | D:13     | Noticed Rupert
 20538 | D:13     | Paralysed by Rupert for 4 turns
 20887 | D:13     | Killed Rupert
 20946 | D:13     | Found a gate to the Vaults.
 21191 | D:14     | Noticed Agnes
 21198 | D:14     | Killed Agnes
 21905 | D:14     | Found a shadowy altar of Dithmenos.
 22049 | D:15     | Entered Level 15 of the Dungeon
 22204 | D:15     | Found a shimmering blue altar of Sif Muna.
 22450 | D:15     | Found a runed translucent door.
 22580 | D:15     | Found a staircase to the Depths.
 22608 | D:15     | Noticed a lich
 22609 | D:15     | Found a runed translucent door.
 22610 | D:15     | Noticed Romuh's ghost (weakling FoFi)
 23084 | Orc:1    | Entered Level 1 of the Orcish Mines
 23593 | Orc:2    | Entered Level 2 of the Orcish Mines
 24020 | Orc:2    | Found a staircase to the Elven Halls.
 24299 | Orc:2    | Found Xeiral's Assorted Antiques.
 24301 | Orc:2    | Found Eqiryocoi's Book Shop.
 24325 | Orc:2    | Found Medom's Antique Armour Emporium.
 24331 | Orc:2    | Bought a runed cloak for 225 gold pieces
 24331 | Orc:2    | Bought a glowing helmet for 225 gold pieces
 24517 | Orc:2    | Found Xohyteudd's Armour Boutique.
 24766 | Spider:1 | Entered Level 1 of the Spider Nest
 24997 | Spider:1 | Reached XP level 18. HP: 139/139 MP: 34/34
 25062 | Spider:1 | Identified the +0 scale mail "Zuasap" {rPois rC+ rN+ MP+9}
 25231 | Spider:1 | Reached skill level 10 in Hexes
 25231 | Spider:1 | Reached skill level 10 in Summonings
 25231 | Spider:1 | Reached skill level 10 in Necromancy
 25231 | Spider:1 | Reached skill level 10 in Translocations
 25231 | Spider:1 | Reached skill level 10 in Transmutations
 25231 | Spider:1 | Reached skill level 10 in Fire Magic
 25231 | Spider:1 | Reached skill level 10 in Ice Magic
 25231 | Spider:1 | Reached skill level 10 in Air Magic
 25231 | Spider:1 | Reached skill level 10 in Earth Magic
 25231 | Spider:1 | Reached skill level 10 in Poison Magic
 26448 | Spider:2 | Gained mutation: You are partially covered in iridescent
                  | scales. (AC +2) [mutagenic glow]
 26464 | Spider:2 | Gained mutation: You are clumsy. (Dex -2) [mutagenic glow]
 26558 | Spider:2 | Identified the +1 scale mail of Caack {rF- Int+4}
 27044 | Spider:3 | Identified 2 scrolls of acquirement
 27045 | Spider:3 | Acquired the amulet "Qese" {rN+ Regen+ Int-3 Slay+3 Stlth+}
 27721 | Spider:3 | Learned a level 5 spell: Silence
 28635 | Spider:4 | Entered Level 4 of the Spider Nest
 29108 | Spider:4 | Reached XP level 19. HP: 127/147 MP: 29/36
 29251 | Spider:4 | Acquired the ring of Bosig {rElec rC+ Int+3 Stlth-}
 29265 | Spider:4 | Acquired the amulet "Kahit" {Reflect Regen+ Int+4 SH+5}
 30059 | Spider:4 | Identified the +1 pair of boots of the Jocular God {+Blink
                  | rElec rN+ Int+4}
 30097 | Spider:4 | Got a gossamer rune of Zot
 30438 | Swamp:1  | Entered Level 1 of the Swamp
 31701 | Swamp:2  | Found a large runed translucent door.
 31701 | Swamp:2  | Noticed superbruh's ghost (journeyman HOFi)
 31702 | Swamp:2  | Found a large runed translucent door.
 31844 | Swamp:2  | Found an ancient bone altar of Kikubaaqudgha.
 32056 | Swamp:2  | Killed superbruh's ghost
 32725 | Swamp:3  | Learned a level 6 spell: Simulacrum
 32993 | Swamp:4  | Entered Level 4 of the Swamp
 33159 | Swamp:4  | Noticed a tentacled monstrosity
 33167 | Swamp:4  | Killed a tentacled monstrosity
 33284 | Swamp:4  | Reached XP level 20. HP: 156/156 MP: 16/38
 33533 | Swamp:4  | Got a decaying rune of Zot
 34051 | Vaults:1 | Entered Level 1 of the Vaults
 34485 | Vaults:1 | Found Rainol's Armour Emporium.
 34652 | Vaults:1 | Found Tidir's Distillery.
 35269 | Vaults:2 | Reached skill level 15 in Invocations
 35276 | Vaults:2 | Gained mutation: Your body sometimes deteriorates upon
                  | taking damage. [mutagenic glow]
 35281 | Vaults:2 | Gained mutation: You occasionally lose the ability to read
                  | scrolls when taking damage. [mutagenic glow]
 35332 | Vaults:2 | Lost mutation: Your body sometimes deteriorates upon taking
                  | damage. [potion of mutation]
 35332 | Vaults:2 | Lost mutation: You are partially covered in iridescent
                  | scales. (AC +2) [potion of mutation]
 35332 | Vaults:2 | Lost mutation: You occasionally lose the ability to read
                  | scrolls when taking damage. [potion of mutation]
 35332 | Vaults:2 | Gained mutation: You expend magic power (3 MP) to
                  | strengthen your wands. [potion of mutation]
 35488 | Vaults:2 | Found Huceck's Book Emporium.
 35828 | Vaults:2 | Noticed Zenata
 35836 | Vaults:2 | Killed Zenata
 36404 | Vaults:2 | Reached XP level 21. HP: 165/165 MP: 39/39
 36600 | Vaults:3 | Reached skill level 15 in Spellcasting
 36995 | Vaults:3 | Found Qumem's General Store.
 37212 | Vaults:3 | Reached skill level 15 in Dodging
 37506 | Depths:1 | Entered Level 1 of the Depths
 37572 | Depths:1 | Reached skill level 15 in Stealth
 37684 | Depths:1 | Found a gateway to Hell.
 38684 | Depths:2 | Reached XP level 22. HP: 161/174 MP: 41/41
 38933 | Depths:2 | Found a corrupted altar of Lugonu.
 39121 | Depths:2 | Found a glowing golden altar of the Shining One.
 39136 | Depths:2 | Reached skill level 15 in Fighting
 39136 | Depths:2 | Reached skill level 15 in Short Blades
 39136 | Depths:2 | Reached skill level 15 in Long Blades
 39136 | Depths:2 | Reached skill level 15 in Axes
 39136 | Depths:2 | Reached skill level 15 in Maces & Flails
 39136 | Depths:2 | Reached skill level 15 in Polearms
 39136 | Depths:2 | Reached skill level 15 in Staves
 39136 | Depths:2 | Reached skill level 15 in Ranged Weapons
 39136 | Depths:2 | Reached skill level 15 in Throwing
 39136 | Depths:2 | Reached skill level 15 in Armour
 39136 | Depths:2 | Reached skill level 15 in Shields
 39136 | Depths:2 | Reached skill level 15 in Unarmed Combat
 39136 | Depths:2 | Reached skill level 15 in Evocations
 39339 | Depths:2 | Found a one-way gate leading to the halls of Pandemonium.
 39587 | Depths:3 | Identified the +7 falchion "Dragon's Tongue" {freeze, *Rage
                  | +Blink Dex+4}
 40042 | Depths:3 | Found Big Baal Hell's Store.
 40395 | Depths:4 | Entered Level 4 of the Depths
 40761 | Depths:4 | Learned a level 3 spell: Stone Arrow
 40766 | Depths:4 | Learned a level 4 spell: Sticky Flame
 40835 | Depths:4 | Noticed a caustic shrike
 40838 | Depths:4 | Noticed a caustic shrike
 40839 | Depths:4 | Noticed a caustic shrike
 40848 | Depths:4 | Found a stormy altar of Qazlal.
 40881 | Depths:4 | Killed a caustic shrike
 40894 | Depths:4 | Killed a caustic shrike
 40895 | Depths:4 | Reached XP level 23. HP: 147/182 MP: 41/43
 40897 | Depths:4 | Killed a caustic shrike
 40958 | Depths:4 | Found a gate to the Realm of Zot.
 41114 | Depths:4 | Found a one-way gateway to a ziggurat.
 41151 | Depths:4 | Found a transporter.
 41240 | Depths:4 | Reached skill level 15 in Conjurations
 41575 | D:15     | Killed Romuh's ghost
 41697 | D:13     | Killed suzumiya's ghost
 41807 | D:10     | Killed cheesebisquit's ghost
 41952 | Slime:1  | Entered Level 1 of the Pits of Slime
 42362 | Orc:2    | Bought a small granite ring for 115 gold pieces
 42966 | Slime:5  | Entered Level 5 of the Pits of Slime
 43001 | Slime:5  | Gained mutation: You have a pair of small horns on your
                  | head. [a shining eye]
 43450 | Slime:5  | Noticed the Royal Jelly
 43451 | Slime:5  | Found a viscous altar of Jiyva.
 43499 | Slime:5  | Killed the Royal Jelly
 43500 | Slime:5  | Reached XP level 24. HP: 184/191 MP: 38/43
 43612 | Slime:5  | Got Sif Muna's Treatise on Curses and the Autopsy
 43647 | Slime:5  | Got a slimy rune of Zot
 43714 | Slime:5  | Learned a level 2 spell: Blink
 43717 | Slime:5  | Learned a level 2 spell: Lesser Beckoning
 44586 | Zot:1    | Entered Level 1 of the Realm of Zot
 45975 | Zot:2    | Identified the ring of Xom's Wantonness {Ice rElec Int+3}
 45975 | Zot:2    | Noticed Josephina
 46018 | Zot:2    | Killed Josephina
 46138 | Zot:2    | Found a runed translucent gate.
 46138 | Zot:2    | Found a runed translucent gate.
 46141 | Zot:2    | Found a runed translucent gate.
 46142 | Zot:2    | Noticed a curse toe
 46142 | Zot:2    | Noticed an ancient lich
 46142 | Zot:2    | Noticed Cuhe's ghost (adept MeEE)
 46723 | Zot:3    | Reached XP level 25. HP: 138/200 MP: 16/44
 46976 | Zot:3    | Noticed a Killer Klown
 46984 | Zot:3    | Noticed Parghit
 47141 | Zot:3    | Killed Parghit
 48710 | Zot:3    | Found a transporter.
 48753 | Zot:3    | Found a transporter.
 48811 | Zot:3    | Killed a Killer Klown
 50208 | Zot:5    | Entered Level 5 of the Realm of Zot
 51131 | Orc:2    | Bought a potion of invisibility for 184 gold pieces
 51140 | Orc:2    | Acquired 808 gold pieces
 51832 | Zot:5    | Identified the +4 ring mail of Noxious the Leaf {rN+}
 52051 | Zot:5    | Noticed a Killer Klown
 52056 | Zot:5    | Killed a Killer Klown
 52060 | Zot:5    | Noticed a dread lich
 52060 | Zot:5    | Noticed a Killer Klown
 52063 | Zot:5    | Noticed a Killer Klown
 52073 | Zot:5    | a Killer Klown changed into a rockslime
 52090 | Zot:5    | Killed a Killer Klown
 52091 | Zot:5    | Reached skill level 15 in Hexes
 52091 | Zot:5    | Reached skill level 15 in Summonings
 52091 | Zot:5    | Reached skill level 15 in Necromancy
 52091 | Zot:5    | Reached skill level 15 in Translocations
 52091 | Zot:5    | Reached skill level 15 in Transmutations
 52091 | Zot:5    | Reached skill level 15 in Fire Magic
 52091 | Zot:5    | Reached skill level 15 in Ice Magic
 52091 | Zot:5    | Reached skill level 15 in Air Magic
 52091 | Zot:5    | Reached skill level 15 in Earth Magic
 52091 | Zot:5    | Reached skill level 15 in Poison Magic
 52094 | Zot:5    | Killed a dread lich
 52095 | Zot:5    | Noticed a dread lich
 52096 | Zot:5    | Noticed an ancient lich
 52099 | Zot:5    | Reached XP level 26. HP: 209/209 MP: 23/45
 52100 | Zot:5    | Noticed a Killer Klown
 52102 | Zot:5    | Noticed an orb of fire
 52103 | Zot:5    | Noticed an orb of fire
 52104 | Zot:5    | Killed a dread lich
 52193 | Zot:5    | Gained mutation: Your movements are slightly less
                  | encumbered by armour. (ER -2) [an orb of fire]
 52211 | Zot:5    | Gained mutation: You are weak. (Str -2) [an orb of fire]
 52214 | Zot:5    | Killed an orb of fire
 52645 | Orc:2    | Learned a level 7 spell: Orb of Destruction
 52645 | Orc:2    | Bought a book of the Moon for 480 gold pieces
 52650 | Orc:2    | Learned a level 4 spell: Passage of Golubria
 53269 | Zot:5    | Noticed an ancient lich
 53297 | Zot:5    | Killed an ancient lich
 53591 | Zot:5    | Noticed a Killer Klown
 53599 | Zot:5    | Killed a Killer Klown
 53618 | Zot:5    | Killed an orb of fire
 53639 | Zot:5    | Killed a Killer Klown
 53721 | Zot:5    | Noticed a dread lich
 53726 | Zot:5    | Killed a dread lich
 53742 | Zot:5    | Killed an ancient lich
 53759 | Zot:5    | Noticed a Killer Klown
 53773 | Zot:5    | Killed a Killer Klown
 53843 | Zot:5    | Got the Orb of Zot
 54378 | D:5      | Noticed Rasmian the pandemonium lord
 54427 | D:1      | Noticed Womypyih the pandemonium lord
 54432 | D:1      | Killed Womypyih the pandemonium lord
 54484 | D:$      | Escaped with the Orb!

Illustrated notes

Levels and vault maps discovered:
D:1:      elethiomel_arrival_maze, layout_loops_ring
D:2:      layout_basic, hellmonk_ecumenical_altar_crossroads,
          minmay_pentomino_p4, uniq_natasha
D:3:      layout_loops_corners, mainiacjoe_overflow_cross_hatched,
          mainiacjoe_overflow_two_lobes, minmay_misc_feat_tower, uniq_ijyb
D:4:      layout_cave_pools, minmay_temple_entry_stoned_glass
D:5:      layout_gridville, nicolae_vehumet_altar_sigil, uniq_grinder
D:6:      layout_loops_corners, gammafunk_temple_overflow_claw
D:7:      layout_basic, nicolae_gozag_seed_capital, elyvilon_altar_1
D:8:      layout_loops_ring, amcnicky_altar_gilded,
          nicolae_ossuary_entry_false_entrances, uniq_maggie, uniq_grum
D:9:      minmay_weird_star, layout_small_grid, orc_david_3
D:10:     layout_irregular_city, hellmonk_ghost_happy_afterlife, serial_shops,
          shop, kennysheep_just_a_vault
D:11:     layout_cave_pods, hellmonk_lair_entry_icy,
          nicolae_trove_entry_free_sample
D:12:     minmay_connected_boxes_in_corner, layout_basic,
          gauntlet_entry_generic, kennysheep_okawaru_gauntlet
D:13:     layout_rooms, hangedman_vaults_entry_quadrant_bands,
          gammafunk_ghost_ooze, uniq_rupert
D:14:     layout_basic, nicolae_dithmenos_through_a_glass_darkly, uniq_agnes
D:15:     grunt_enter_depths_magical_seal, layout_irregular_city,
          muffindrake_ghost_dual_entry, old_standard_altar, nicolae_titane
Temple:   nicolae_temple_no_exploring_needed
Lair:1:   lemuel_ratsnest, layout_misc_corridors
Lair:2:   layout_roguey, nicolae_swamp_entry_spooky, spider_nest_entry_webs,
          infiniplex_staircase_pool_2
Lair:3:   layout_long_grid, lightli_volcano_entry_magma_tube,
          lemuel_fruit_fields, lemuel_fruit_tree
Lair:4:   layout_loops_ring, special_room [special_room_mythical_zoo],
          grunt_megastairs_3
Lair:5:   hellmonk_lair_end_abyssal_woods, layout_regular_city,
          minmay_slime_entry_pillars, serial_forest,
          infiniplex_forest_clump_curved, infiniplex_forest_end_3,
          infiniplex_forest_corner_1, infiniplex_forest_clump_tiny,
          infiniplex_forest_end_3, infiniplex_forest_clump_small,
          infiniplex_forest_straight_4, infiniplex_forest_diagonal,
          lemuel_fruit_fields
Swamp:1:  layout_basic_swamp, evilmike_swamp_ruin_house_5, swamp_pool2
Swamp:2:  layout_basic_swamp, ebering_ghost_disaster_area,
          lemuel_altar_in_water2, swamp_pool4
Swamp:3:  nicolae_swamp_standing_stones, layout_basic_swamp,
          nicolae_swamp_orc_logging_accident, nicolae_swamp_spriggan_camp
Swamp:4:  swamp_fiery, layout_basic_swamp, swamp_pool1,
          infiniplex_staircase_pool
Spider:1: layout_cave_pods, nicolae_spider_undead_wolf_pack
Spider:2: layout_spider_delve, special_room [special_room_bee],
          nicolae_spider_eight_legs, nicolae_spider_cling_halls
Spider:3: layout_chambers
Spider:4: spider_rune_water, nicolae_spider_swamp_cousins
Slime:1:  layout_caves
Slime:2:  layout_caves
Slime:3:  layout_caves
Slime:4:  layout_caves
Slime:5
Orc:1:    layout_diamond_mine
Orc:2:    hellmonk_orc_salted, layout_caves
Vaults:1: serial_ice_h, hangedman_vaults_cutoff, nicolae_vaults_mitosis,
          nicolae_vaults_storage_closets_3, nicolae_vaults_wine_cellar,
          ontoclasm_vaults_ring_large, ontoclasm_vaults_echo,
          vaults_mumra_minichess_inversion, v_misc_25, nicolae_vaults_two_Ls,
          nicolae_vaults_surprise_closet, vaults_room_stairs_pillars,
          nicolae_vaults_trapezoid_1, nicolae_vaults_variable_pillar_hall,
          layout_vaults_ring, serial_shops, shop, nicolae_shop_mannequins
Vaults:2: vaults_room_large_hall, v_misc_9, ontoclasm_vaults_shuriken,
          v_misc_24, v_misc_31, nicolae_vaults_heart-shaped_vault,
          ontoclasm_vaults_twist, nicolae_vaults_stepped_doors,
          nicolae_vaults_house_3, vaults_room_corners,
          nicolae_vaults_yaktaur_gun_rack, layout_vaults_big_room, serial_shops,
          shop, uniq_zenata
Vaults:3: hangedman_vaults_capsules, minmay_crypt_entry_simple_walls, st_cross,
          nicolae_vaults_border_crossing, v_misc_2, nicolae_vaults_six-pack,
          nicolae_vaults_surprise_closet, hangedman_vaults_stretched_pinwheel,
          vaults_dpeg_spiral, v_pattern_4, nicolae_vaults_double_plus_1,
          nicolae_vaults_two_Ls, layout_vaults_omnicross, serial_shops,
          nicolae_shop_waterfront
Depths:1: layout_long_grid, nicolae_wwwww, hell_entry,
          abyss_entry_small_statue_room, lemuel_nasty_fountain
Depths:2: minmay_the_grid_3x3 [minmay_the_grid_holed_spiral,
          minmay_the_grid_minigrid_large, minmay_the_grid_large_cup,
          minmay_the_grid_gridbox, minmay_the_grid_eight,
          minmay_the_grid_outer_diamond, minmay_the_grid_minigrid_small_alt,
          minmay_the_grid_square_x, minmay_the_grid_prize_inner_circle],
          layout_gridlike, grunt_hell_entry_dis_mu, abyss_entry_flame_altar,
          old_standard_altar, grunt_pan_entry_sceptre, minmay_misc_feat_tiny
Depths:3: hangedman_cross_cluster, layout_twisted_cross,
          nicolae_hell_entry_big_baal_hell, abyss_entry_crystal,
          nicolae_elevator_lobby_asterisk, minmay_staircase_statues
Depths:4: grunt_zot_entry_gee_three, layout_cave_pools, enter_ziggurat_d,
          rand_demon_pan_entry_7, hell_entry, nicolae_qazlal_scattered_showers,
          abyss_entry_glasseish, nicolae_diode_basic
Zot:1:    layout_misc_corridors
Zot:2:    layout_basic, gammafunk_ghost_necromancy, grunt_megastairs_2,
          uniq_josephina
Zot:3:    gammafunk_the_bubble [the_bubble_gammafunk_split], layout_basic,
          grunt_megastairs_4, uniq_parghit
Zot:4:    nicolae_moth_party, layout_gridlike, grunt_megastairs_5
Zot:5:    layout_cathedral_of_symmetry

Skill      XL: |  1  2  3  4  5  6  7  8  9 10 11 12 13 14 15 16 17 18 19 20 21 22 23 24 25 26 |
---------------+-------------------------------------------------------------------------------+-----
Spellcasting   | 5 6 7 8 9 10 11 12 13 14 15 16 17 18 | 18.7
Invocations    | 1 2 3 4 5 6 7 8 9 10 11 12 13 14 15 16 17 18 19 | 19.5
Fighting       | 1 2 3 4 5 6 7 8 9 10 11 12 13 14 15 16 17 18 | 18.1
Short Blades   | 1 2 3 4 5 6 7 8 9 10 11 12 13 14 15 16 17 18 | 18.1
Long Blades    | 1 2 3 4 5 6 7 8 9 10 11 12 13 14 15 16 17 18 | 18.1
Axes           | 1 2 3 4 5 6 7 8 9 10 11 12 13 14 15 16 17 18 | 18.1
Maces & Flails | 1 2 3 4 5 6 7 8 9 10 11 12 13 14 15 16 17 18 19 | 19.6
Polearms       | 1 2 3 4 5 6 7 8 9 10 11 12 13 14 15 16 17 18 | 18.1
Staves         | 1 2 3 4 5 6 7 8 9 10 11 12 13 14 15 16 17 18 | 18.1
Ranged Weapons | 1 2 3 4 5 6 7 8 9 10 11 12 13 14 15 16 17 18 | 18.1
Throwing       | 1 2 3 4 5 6 7 8 9 10 11 12 13 14 15 16 17 18 | 18.1
Armour         | 1 2 3 4 5 6 7 8 9 10 11 12 13 14 15 16 17 18 | 18.1
Shields        | 1 2 3 4 5 6 7 8 9 10 11 12 13 14 15 16 17 18 | 18.1
Unarmed Combat | 1 2 3 4 5 6 7 8 9 10 11 12 13 14 15 16 17 18 | 18.1
Evocations     | 1 2 3 4 5 6 7 8 9 10 11 12 13 14 15 16 17 18 | 18.1
Hexes          | 1 2 3 4 5 6 7 8 9 10 11 12 13 14 15 | 15.4
Summonings     | 1 2 3 4 5 6 7 8 9 10 11 12 13 14 15 | 15.4
Necromancy     | 1 2 3 4 5 6 7 8 9 10 11 12 13 14 15 | 15.4
Translocations | 1 2 3 4 5 6 7 8 9 10 11 12 13 14 15 | 15.4
Transmutations | 1 2 3 4 5 6 7 8 9 10 11 12 13 14 15 | 15.4
Fire Magic     | 1 2 3 4 5 6 7 8 9 10 11 12 13 14 15 | 15.4
Ice Magic      | 1 2 3 4 5 6 7 8 9 10 11 12 13 14 15 | 15.4
Air Magic      | 1 2 3 4 5 6 7 8 9 10 11 12 13 14 15 | 15.4
Earth Magic    | 1 2 3 4 5 6 7 8 9 10 11 12 13 14 15 | 15.4
Poison Magic   | 1 2 3 4 5 6 7 8 9 10 11 12 13 14 15 | 15.4
Dodging        | 5 6 7 8 9 10 11 12 13 14 15 16 17 18 | 18.6
Stealth        | 5 6 7 8 9 10 11 12 13 14 15 16 17 18 | 18.5
Conjurations   | 8 9 10 11 12 13 14 15 16 | 16.8

Action                     |  1- 3 |  4- 6 |  7- 9 | 10-12 | 13-15 | 16-18 | 19-21 | 22-24 | 25-27 || total
---------------------------+-------+-------+-------+-------+-------+-------+-------+-------+-------++-------
  Melee: Dagger            |       |     7 |    21 |    28 |       |       |       |       |       ||    56
         Bite              |       |       |     1 |    22 |    36 |   199 |   172 |   101 |    84 ||   615
         War axe           |       |       |       |   183 |   282 |  1125 |   888 |   457 |   369 ||  3304
         Hand axe          |       |       |       |       |       |     7 |       |       |       ||     7
         Scimitar          |       |       |       |       |       |       |    14 |       |       ||    14
         Headbutt          |       |       |       |       |       |       |       |   110 |   152 ||   262
         Broad axe         |       |       |       |       |       |       |       |       |    32 ||    32
   Cast: Magic Dart        |    64 |    81 |   186 |   242 |    47 |    69 |    36 |     4 |       ||   729
         Searing Ray       |       |     8 |    47 |    54 |     1 |     1 |     3 |       |       ||   114
         Iskenderun's Myst |       |       |    10 |     9 |       |       |     1 |       |     2 ||    22
         Sublimation of Bl |       |       |     3 |     3 |       |       |    52 |    77 |    25 ||   160
         Irradiate         |       |       |       |    45 |    10 |    61 |    27 |    12 |     2 ||   157
         Animate Armour    |       |       |       |     3 |    30 |    76 |    95 |    87 |    41 ||   332
         Apportation       |       |       |       |     3 |       |       |       |       |     1 ||     4
         Silence           |       |       |       |       |       |     3 |     5 |     1 |     1 ||    10
         Simulacrum        |       |       |       |       |       |       |   138 |   251 |    86 ||   475
         Sticky Flame      |       |       |       |       |       |       |       |     4 |     6 ||    10
         Stone Arrow       |       |       |       |       |       |       |       |     4 |     1 ||     5
         Lesser Beckoning  |       |       |       |       |       |       |       |     6 |    17 ||    23
         Passage of Golubr |       |       |       |       |       |       |       |       |     4 ||     4
 Invoke: Slouch            |       |       |       |       |       |     1 |       |       |       ||     1
         Step From Time    |       |       |       |       |       |       |     2 |       |     1 ||     3
  Evoke: Box of beasts     |       |       |       |       |       |     1 |       |     1 |     1 ||     3
         Phantom mirror    |       |       |       |       |       |     1 |       |       |       ||     1
         Wand              |       |       |       |       |       |     2 |     3 |     4 |     6 ||    15
    Use: Scroll            |       |     5 |     3 |    11 |     4 |     7 |     4 |     9 |    18 ||    61
         Potion            |       |       |       |       |     2 |     1 |     8 |       |     9 ||    20
   Stab: Sleeping          |       |     1 |       |     3 |       |       |     4 |       |       ||     8
         Distracted        |       |       |       |     2 |       |    13 |    14 |    21 |     6 ||    56
         Held in net/web   |       |       |       |       |       |       |     2 |       |       ||     2
 Armour: Robe              |     6 |     4 |    28 |     8 |       |       |       |       |       ||    46
         Ring mail         |       |       |       |     6 |       |       |       |       |       ||     6
         Troll leather arm |       |       |       |    38 |       |       |       |       |       ||    38
         Plate armour      |       |       |       |     1 |   126 |   508 |   323 |   179 |    18 ||  1155
         Gold dragon scale |       |       |       |       |       |       |       |       |   137 ||   137
         Skin              |       |       |       |       |       |       |       |       |     3 ||     3
  Dodge: Dodged            |     6 |    28 |   139 |   336 |   279 |  1339 |   838 |   473 |   348 ||  3786
  Block: Buckler           |       |       |       |    94 |   141 |   145 |       |       |       ||   380
         Kite shield       |       |       |       |       |       |  1050 |  1030 |   563 |   471 ||  3114
         Reflection        |       |       |       |       |       |       |    27 |     4 |     9 ||    40
